 Dungeon Crawl Stone Soup version 0.21.0-3-g78d12a8 (webtiles) character file.

417 Inchmeat the Grave Robber (level 6, -12/49 HPs)
             Began as a Deep Dwarf Necromancer on Jan 14, 2018.
             Was an Initiate of Makhleb.
             Mangled by a wyvern zombie (13 damage)
             ... on level 4 of the Dungeon.
             The game lasted 00:09:00 (3443 turns).

Inchmeat the Grave Robber (Deep Dwarf Necromancer)  Turns: 3443, Time: 00:09:00

Health: -12/49     AC:  2    Str: 14    XL:     6   Next: 61%
Magic:  2/7        EV: 12    Int: 15    God:    Makhleb [......]
Gold:   119        SH:  7    Dex: 13    Spells: 0/8 levels left

rFire    . . .     SeeInvis .   g - +0 dagger
rCold    . . .     Gourm    .   k - +2 buckler
rNeg     . . .     Faith    .   a - +0 robe
rPois    .         Spirit   .   (no helmet)
rElec    .         Reflect  .   (no cloak)
rCorr    .         Harm     .   (no gloves)
MR       .....                  (no boots)
Stlth    +.........             (no amulet)
HPRegen  0.00/turn              (no ring)
MPRegen  0.10/turn              (no ring)

@: non-regenerating, very slow
A: damage resistance, heal wounds, sense surroundings 1, no regeneration
a: Heal Wounds, Renounce Religion


You were on level 4 of the Dungeon.
You worshipped Makhleb.
Makhleb was noncommittal.
You were hungry.

You visited 1 branch of the dungeon, and saw 4 of its levels.

You collected 119 gold pieces.

Inventory:

Hand Weapons
 g - a +0 dagger (weapon)
Armour
 a - a +0 robe (worn)
 j - a +0 chain mail
 k - a +2 buckler (worn)
 u - a +0 ring mail
Jewellery
 o - an uncursed ring of wizardry {unknown}
 v - a +3 amulet of reflection {unknown}
 x - a +1 ring of protection {unknown}
Wands
 q - a wand of digging (7)
 y - a wand of polymorph (9)
Scrolls
 e - 4 scrolls of immolation {unknown}
 f - 2 scrolls of random uselessness {unknown}
 h - a scroll of identify {unknown}
 i - a scroll of noise {unknown}
 l - a scroll of fear {unknown}
 n - 2 scrolls of enchant armour {unknown}
 p - a scroll of remove curse {unknown}
 t - a scroll of blinking {unknown}
Potions
 d - a potion of mutation {unknown}
 r - a potion of berserk rage {unknown}
 s - a potion of brilliance {unknown}
 w - a potion of ambrosia {unknown}
 z - a potion of degeneration {unknown}
Books
 b - a book of Necromancy

   Spells                             Type                      Level
   a - Pain                           Necromancy                   1
   b - Animate Skeleton               Necromancy                   1
   c - Vampiric Draining              Necromancy                   3
   d - Regeneration                   Charms/Necromancy            3
   e - Animate Dead                   Necromancy                   4
   f - Borgnjor's Vile Clutch         Necromancy/Earth             5
 m - a book of Misfortune

   Spells                             Type                      Level
   a - Confusing Touch                Hexes                        1
   b - Confuse                        Hexes                        3
   c - Gell's Gravitas                Translocation                3
   d - Petrify                        Transmutation/Earth          4
   e - Metabolic Englaciation         Hexes/Ice                    5
   f - Yara's Violent Unravelling     Hexes/Transmutation          5
Comestibles
 c - 6 rations


   Skills:
 - Level 2.2 Dodging
 - Level 2.4 Stealth
 - Level 4.5 Shields
 - Level 1.8 Spellcasting
 * Level 7.3 Necromancy


You couldn't memorise any spells.
You knew the following spells:

 Your Spells              Type           Power        Failure   Level  Hunger
a - Pain                  Necr           ###.         1%          1    ##.....
b - Vampiric Draining     Necr           ###.......   3%          3    ####...
c - Animate Dead          Necr           N/A          11%         4    #####..


Dungeon Overview and Level Annotations

Branches:
Dungeon (4/15)             Temple (0/1) D:4

Altars:
Dithmenos
Fedhas
Kikubaaqudgha
Makhleb
Okawaru
Sif Muna
Xom
Yredelemnul

Shops:
D:4 [


Innate Abilities, Weirdness & Mutations

You are resistant to damage.
You can heal yourself by infusing magical energy.
You passively map a small area around you.
You do not regenerate.


Message History

Tha ri'er rat bites ye!
* * * LOW HITPOINT WARNIN'
* * * Tha wyvern zombie barely misses ye.
Castin': Vampiric Drainin' Confirm wit' . or Enter, or press ? or * ta list all spells.
Aimin': Vampiric Drainin'
Press: ? - help, Shift-Dir - straight line, f - giant cockroach
Aim: a giant cockroach (clin'in') Ye kill tha giant cockroach!
Makhleb accepts yer kill.
Ye feel life coursin' inta yer body.
Ye block tha wyvern zombie's attack.
Tha ri'er rat bites ye.
Ye block tha wyvern zombie's attack.
Tha wyvern zombie bites ye.
Ye block tha wyvern zombie's attack.
Ye block tha wyvern zombie's attack.
Tha wyvern zombie bites ye!
* * * LOW HITPOINT WARNIN'
* * * Tha wyvern zombie bites ye!
Ye die...

#...∩.........##... #..).#.###
..###.#.##########..##....#....
#.##≈## * #≈#* #.........#.. *
#.,#≈≈≈# ≈ ≈≈≈ ####....#.... #
#≈≈≈# ≈ ≈≈≈ #<...##... , ,
*##≈## ≈ #≈#* ####.###.. * #≈#
#≈# #.# ##. , #≈# ∩≈#≈#
##.####. , ##≈##≈ ##@##
#....... *#≈≈≈####Z≈≈# #.......
, #≈≈ar≈O≈r≈≈# #.......
##≈######≈## #....... , ### ###
#....... ,, #....... #....... ,
* #....... #.......


You could see an ogre, a river rat and a wyvern zombie.

Vanquished Creatures
  Grinder (D:3)
  An orc priest (D:3)
  An iguana (D:3)
  Jessica (D:3)
  An orc wizard (D:3)
  A worker ant (D:3)
  4 adders
  2 oozes (D:1)
  A dart slug (D:1)
  A leopard gecko (D:1)
  5 orcs
  4 bats
  A giant cockroach (D:4)
  3 goblins
  8 hobgoblins
  6 kobolds
  A quokka (D:2)
  3 frilled lizards
  5 rats
50 creatures vanquished.

Notes
Turn   | Place    | Note
-------+----------+-------------------------------------------
     0 | D:1      | Inchmeat the Deep Dwarf Necromancer began the quest for the Orb.
     0 | D:1      | Reached XP level 1. HP: 15/15 MP: 3/3
   413 | D:1      | Reached XP level 2. HP: 20/22 MP: 0/4
   503 | D:1      | Reached skill level 5 in Necromancy
  1720 | D:2      | Reached XP level 3. HP: 22/28 MP: 2/5
  1835 | D:2      | Found an ancient bone altar of Kikubaaqudgha.
  1964 | D:2      | Reached skill level 1 in Shields
  2054 | D:2      | You fall through a shaft!
  2152 | D:3      | Found a shadowy altar of Dithmenos.
  2152 | D:3      | Found an iron altar of Okawaru.
  2165 | D:3      | Reached XP level 4. HP: 6/36 MP: 0/6
  2405 | D:3      | Found a shimmering altar of Xom.
  2449 | D:3      | Noticed Jessica
  2456 | D:3      | Killed Jessica
  2456 | D:3      | Reached skill level 6 in Necromancy
  2518 | D:3      | Found a blossoming altar of Fedhas.
  2518 | D:3      | Found a deep blue altar of Sif Muna.
  2524 | D:3      | Found a burning altar of Makhleb.
  2526 | D:3      | Found a basalt altar of Yredelemnul.
  2527 | D:3      | Found a faded altar of an unknown god.
  2532 | D:3      | Became a worshipper of Makhleb the Destroyer
  2606 | D:3      | Noticed Grinder
  2611 | D:3      | Paralysed by Grinder for 5 turns
  2624 | D:3      | Killed Grinder
  2624 | D:3      | Reached XP level 5. HP: 32/42 MP: 7/7
  2624 | D:3      | Reached XP level 6. HP: 37/49 MP: 8/8
  2638 | D:3      | Reached skill level 7 in Necromancy
  2904 | D:3      | Learned a level 3 spell: Vampiric Draining
  2909 | D:3      | Learned a level 4 spell: Animate Dead
  3376 | D:4      | Found a staircase to the Ecumenical Temple.
  3420 | D:4      | Found Ucucreifu's Armour Shop.
  3443 | D:4      | HP: 1/49 [wyvern zombie (10)]
  3443 | D:4      | Mangled by a wyvern zombie

Skill      XL: |  1  2  3  4  5  6 |
---------------+-------------------+-----
Necromancy     | 5 6 7 |  7.3
Shields        | 2 4 |  4.5
Dodging        | |  2.2
Stealth        | |  2.4
Spellcasting   | |  1.8

Action                   |  1- 3 |  4- 6 || total
-------------------------+-------+-------++-------
Melee: Dagger            |    23 |    29 ||    52
       Unarmed           |       |    10 ||    10
 Cast: Pain              |    72 |    28 ||   100
       Vampiric Draining |       |     7 ||     7
 Abil: Heal Wounds       |     2 |     5 ||     7
 Stab: Confused          |       |     1 ||     1
  Eat: Chunk             |     5 |     5 ||    10
Armor: Robe              |     7 |     3 ||    10
       Skin              |       |     2 ||     2
Dodge: Dodged            |    31 |    43 ||    74
Block: Buckler           |    11 |    19 ||    30
